 Dungeon Crawl Stone Soup version 0.30-a0-123-g91d0c66ccf (webtiles) character file.

Game seed: 1989078323461984625

44 jlumianski the Chopper (level 3, 0/22 HPs)
             Began as a Gargoyle Gladiator on Sept 17, 2022.
             Slain by an iguana (8 damage)
             ... on level 2 of the Dungeon.
             The game lasted 00:05:03 (1713 turns).

jlumianski the Chopper (Gargoyle Gladiator)         Turns: 1713, Time: 00:05:03

Health: 0/22       AC:  7    Str: 19    XL:     3   Next: 60%
Magic:  3/3        EV: 12    Int:  8    God:
Gold:   31         SH:  0    Dex: 11    Spells: 2/2 levels left

rFire   . . .      SeeInvis .    a - +0 war axe
rCold   . . .      Faith    .    (no shield)
rNeg    + . .      Spirit   .    b - +0 leather armour
rPois   ∞          Reflect  .    c - +0 helmet
rElec   +          Harm     .    (no cloak)
rCorr   .          Rampage  .    (no gloves)
Will    .....                    (no boots)
Stlth   +.........               (no amulet)
HPRegen 0.07/turn                (no ring)
MPRegen 0.08/turn                (no ring)

@: no status effects
A: sickness immunity, AC +3, negative energy resistance 1, electricity
resistance, torment resistance 1, petrification resistance
a: no special abilities


You were on level 2 of the Dungeon.
You visited 1 branch of the dungeon, and saw 2 of its levels.

You collected 31 gold pieces.

Inventory:

Hand Weapons
 a - a +0 war axe (weapon)
 h - the +6 spear of the Wolf {vorpal, Fly Str-3 Int+4 Stlth+}
   (You found it on level 2 of the Dungeon)

   It inflicts extra damage upon your enemies.
   Str:       It affects your strength (-3).
   Int:       It affects your intelligence (+4).
   Fly:       It grants you flight.
   Stlth:     It makes you more stealthy.
Armour
 b - a +0 leather armour (worn)
 c - a +0 helmet (worn)
Scrolls
 g - a scroll of fog {unknown}
 i - a scroll of identify {unknown}


   Skills:
 + Level 2.5 Fighting
 + Level 3.4 Axes
 + Level 2.0 Throwing
 + Level 0.9 Armour
 + Level 2.7 Dodging


You had 2 spell levels left.
You didn't know any spells.
Your spell library was empty.

Dungeon Overview and Level Annotations

Branches:
Dungeon (2/15)

Altars:

Annotations:
D:2 Robin


Innate Abilities, Weirdness & Mutations

You are immune to sickness and miasma.
Your stone body is resilient. (AC +3)
You are immune to poison.
You resist negative energy. (rN+)
You are resistant to electric shocks. (rElec)
You are resistant to unholy torment.
You are immune to petrification.


Message History

You kill the quokka!
You now have 31 gold pieces (gained 11).
A hobgoblin comes into view.
The hobgoblin shouts!
A rat comes into view.
The rat barely misses you.
You slash the rat!
You kill the rat!
The hobgoblin hits you.
A hobgoblin comes into view.
The hobgoblin shouts!
You hear an angry hiss.
You barely miss the hobgoblin. The hobgoblin misses you.
You slash the hobgoblin!
You kill the hobgoblin!
You hit the hobgoblin.
You kill the hobgoblin!
You see here a hobgoblin corpse.
An iguana comes into view.
You see here a hobgoblin corpse.
Throw: javelin
Press: ? - help, Q - select action Shift-Dir - straight line, f - iguana
Aim: an iguana (61% to hit)
You throw a javelin. The javelin pierces through the iguana.
The iguana is lightly wounded.
You hit the iguana but do no damage.
The iguana is lightly wounded.
The iguana bites you but does no damage.
You closely miss the iguana.
The iguana is lightly wounded.
The iguana barely misses you. The iguana bites you.
You closely miss the iguana.
The iguana is lightly wounded.
The iguana barely misses you.
You hit the iguana.
The iguana is moderately wounded.
The iguana bites you! The iguana barely misses you.
You hit the iguana but do no damage.
The iguana is moderately wounded.
The iguana bites you!
You die...

#............ ##.
#.#.#.....##. #..
###.#.#.....##. #.#
#...###.....##. #
#.###.### #.....###
#.##.##..# #.....#..
##.#..#..## ##.###>.#
#..†.....## ##.###.##
#(...l@...#####......#
#....................#
#.##.##########.####...
.. ...# ###....# ..
#......# #....<.# .
#......# #.........#
......# ###########
#######


You could see an iguana.

Vanquished Creatures
  2 adders (D:2)
  5 endoplasms
  2 goblins (D:1)
  3 hobgoblins
  3 kobolds
  2 quokkas
  A ball python (D:2)
  2 bats
  3 rats (D:2)
23 creatures vanquished.

Notes
Turn   | Place    | Note
-------+----------+-------------------------------------------
     0 | D:1      | jlumianski the Gargoyle Gladiator began the quest for the
                  | Orb.
     0 | D:1      | Reached XP level 1. HP: 12/12 MP: 1/1
   103 | D:1      | Found a faded altar of an unknown god.
   155 | D:1      | Reached skill level 3 in Axes
   155 | D:1      | Reached XP level 2. HP: 2/17 MP: 2/2
   790 | D:2      | Reached XP level 3. HP: 13/22 MP: 3/3
   973 | D:2      | Identified the +6 spear of the Wolf {vorpal, Fly Str-3
                  | Int+4 Stlth+}
   999 | D:2      | Noticed Robin
  1373 | D:1      | HP: 1/22 [hobgoblin[Robin] (1)]
  1713 | D:2      | Slain by an iguana

Illustrated notes

Levels and vault maps discovered:
D:1:      dpeg_arrival_chambers_temple_mockup, layout_basic, serial_forest,
          infiniplex_forest_lined_ring, infiniplex_forest_lined_3,
          infiniplex_forest_end_1, infiniplex_forest_zigzag_2,
          infiniplex_forest_clump_diagonal, infiniplex_forest_straight_2,
          infiniplex_forest_clump_small, infiniplex_forest_lined_1,
          shapermc_ecumenical_altar_totnotflames, kennysheep_pointless_box
D:2:      layout_rooms, uniq_robin

Skill      XL: |  1  2 |
---------------+-------+-----
Axes           | 3 |  3.4
Throwing       | 2 |  2.0
Fighting       | |  2.5
Armour         | |  0.9
Dodging        | |  2.7

Action                   || total
-------------------------++-------
Melee: War axe           ||    88
Throw: Throwing net      ||     3
       Javelin           ||     2
  Use: Scroll            ||     1
Armor: Leather armour    ||    60
Dodge: Dodged            ||    81

Table legend: (Time is in decaauts)
 A = Elapsed time spent in this place.
 B = Non-inter-level travel time spent in this place.
 C = Inter-level travel time spent in this place.
 D = Time resting spent in this place.
 E = Time spent auto-exploring this place.
 F = Levels seen in this place.
 G = Mean time per level.
                   A        B        C        D        E       F      G
               +--------+--------+--------+--------+--------+-----+--------+
         Total |   1743 |   1743 |      0 |   1046 |    290 |   2 |  871.5 |
       Dungeon |   1743 |   1743 |      0 |   1046 |    290 |   2 |  871.5 |
               +--------+--------+--------+--------+--------+-----+--------+

Top non-repeatable levels by time:
     D:2: 1006 daAuts
     D:1: 737 daAuts
